AoeStats
← dohteM

Black Forest

510460518Analyzed
3v3 RM · 1d ago on Oct 1, 2026· 51m 25s· 6 players
Game mode
Random Map
Map size
Normal (6 player)
Population
200
Speed
Normal
Resources
Standard
Victory
Conquest
Starting age
Dark Age
Ending age
Imperial Age
RankedLock teamsTeams togetherTeam positionsShared explorationLock speedFull tech treeHidden civsTurbo modeCheats
Victory
Defeat
🇺🇸 Franks · United States
971
+12
🇺🇸 Goths · United States
929
+13
🇺🇸 Jurchens · United States
757
+20
🇺🇸 Britons · United States
878
-16
🇲🇽 Spanish · Mexico
869
-15
🇺🇸 Magyars · United States
840
-30
dohteM
1:49 Loom
15:01 Feudal Age
15:45 Town Watch
19:02 Castle Age
17:21 Double-Bit Axe
17:21 Horse Collar
18:02 Stone Mining
19:41 Wheelbarrow
24:44 Heavy Plow
26:52 Hand Cart
27:22 Gold Mining
30:39 Gold Shaft Mining
33:02 Town Patrol
35:43 Imperial Age
34:21 Fletching
34:38 Scale Barding Armor
34:33 Murder Holes
34:59 Ballistics
34:52 Masonry
35:04 Bloodlines
34:14 Light Cavalry
34:56 Husbandry
37:13 Crop Rotation
36:41 Bodkin Arrow
36:58 Bow Saw
36:24 Cavalier
36:26 Hussar
38:40 Chain Barding Armor
38:21 Bracer
38:57 Corvinian Army
39:19 Conscription
38:54 Capped Ram
43:33 Plate Barding Armor
43:00 Scale Mail Armor
43:01 Padded Archer Armor
44:06 Chemistry
43:17 Siege Engineers
43:08 Paladin
Trukson
0:36 Loom
11:30 Feudal Age
20:36 Castle Age
26:52 Horse Collar
27:14 Double-Bit Axe
34:37 Imperial Age
38:58 Elite Conquistador
40:00 Supremacy
41:11 Cavalier
42:02 Bloodlines
41:53 Husbandry
grahmsmolinski
6:42 Loom
10:56 Feudal Age
15:07 Castle Age
16:34 Double-Bit Axe
17:22 Horse Collar
17:58 Bow Saw
23:02 Fervor
23:13 Sanctity
25:51 Heavy Plow
31:20 Imperial Age
28:54 Fletching
29:28 Ballistics
29:19 Masonry
29:22 Gold Mining
29:26 Stone Mining
30:15 Wheelbarrow
29:25 Town Watch
31:03 Gold Shaft Mining
31:20 Hand Cart
31:53 Pikeman
32:34 Squires
32:19 Arson
32:49 Forging
32:39 Scale Mail Armor
32:35 Bodkin Arrow
32:40 Padded Archer Armor
32:38 Herbal Medicine
32:56 Caravan
32:42 Halberdier
33:45 Conscription
34:49 Hoardings
35:19 Chemistry
34:51 Architecture
34:02 Treadmill Crane
34:17 Murder Holes
34:33 Fortified Wall
35:14 Iron Casting
34:55 Chain Mail Armor
35:17 Bracer
35:29 Siege Engineers
36:41 Leather Archer Armor
37:02 Warwolf
37:22 Man-at-Arms
37:47 Gambesons
DadJokesLive
11:36 Feudal Age
11:46 Loom
17:04 Castle Age
21:49 Double-Bit Axe
24:13 Bow Saw
23:59 Gold Mining
24:53 Forging
25:38 Wheelbarrow
28:56 Stone Mining
29:25 Husbandry
30:03 Iron Casting
30:26 Caravan
34:49 Imperial Age
33:23 Scale Barding Armor
35:57 Hand Cart
36:44 Blast Furnace
36:06 Chain Barding Armor
35:23 Cavalier
37:25 Paladin
37:59 Town Watch
37:54 Capped Ram
38:51 Town Patrol
39:07 Elite Skirmisher
41:15 Plate Barding Armor
40:52 Chivalry
41:15 Conscription
41:18 Fletching
42:08 Elite Throwing Axeman
46:08 Bodkin Arrow
49:49 Padded Archer Armor
nameBURRITO
2:22 Loom
13:16 Feudal Age
14:54 Double-Bit Axe
19:16 Castle Age
17:45 Horse Collar
22:25 Heavy Plow
22:39 Bow Saw
24:11 Gold Mining
28:02 Stone Mining
28:51 Gold Shaft Mining
32:46 Stone Shaft Mining
34:03 Siege Engineers
34:19 Ballistics
39:51 Imperial Age
37:44 Fortified Wall
40:53 Wheelbarrow
39:53 Capped Ram
40:47 Thunderclap Bombs
41:01 Conscription
44:15 Chemistry
45:45 Squires
45:06 Pikeman
49:32 Elite Iron Pagoda
52:13 Masonry
cranks
2:36 Loom
12:22 Feudal Age
16:47 Castle Age
14:37 Double-Bit Axe
14:34 Horse Collar
20:10 Bow Saw
23:13 Wheelbarrow
23:22 Heavy Plow
24:28 Gold Mining
29:39 Imperial Age
27:48 Hand Cart
27:19 Town Watch
29:15 Town Patrol
30:22 Forging
30:13 Scale Mail Armor
31:55 Iron Casting
32:10 Squires
31:31 Man-at-Arms
31:31 Pikeman
33:07 Crop Rotation
33:41 Two-Man Saw
32:07 Long Swordsman
33:15 Chain Mail Armor
34:00 Blast Furnace
32:47 Elite Huskarl
33:28 Anarchy
33:49 Conscription
33:38 Perfusion
33:06 Capped Ram
35:29 Caravan
Connection lost

Rejoining the realm…

Still unreachable

The connection could not be restored.

Session expired

The server has moved on; the page needs a fresh start.